 Dungeon Crawl Stone Soup version 0.30.1-9-gdf580d7c3d (webtiles) character file.

Game seed: 15719268506215169220

570 booth the Sneak (level 7, -10/52 HPs)
             Began as a Demonspawn Wanderer on Oct 9, 2023.
             Was a Believer of Wu Jian.
             Mangled by an ogre
             ... wielding a +0 giant spiked club
              (24 damage)
             ... on level 5 of the Dungeon.
             The game lasted 00:29:42 (4895 turns).

booth the Sneak (Demonspawn Wanderer)               Turns: 4895, Time: 00:29:42

Health: -10/52     AC:  7    Str: 24    XL:     7   Next: 11%
Magic:  7/7        EV: 12    Int: 12    God:    Wu Jian [**....]
Gold:   236        SH:  4    Dex: 10    Spells: 6/6 levels left

rFire   + . .        d - +1 hand axe (freeze)
rCold   . . .        (no shield)
rNeg    . . .        i - +0 ring mail
rPois   .            (no helmet)
rElec   .            (no cloak)
rCorr   .            g - +0 pair of gloves
SInv    .            b - +0 pair of boots
Will    .....        (no amulet)
Stlth   ++           p - +6 ring of strength
HPRegen 0.28/turn    m - ring of protection from fire
MPRegen 0.10/turn

%: no passive effects
@: no status effects
A: sturdy frame 2, condensation shield
a: Renounce Religion, Wall Jump


You were on level 5 of the Dungeon.
You worshipped Wu Jian.
Wu Jian was pleased with you.
You visited 1 branch of the dungeon, and saw 5 of its levels.

You collected 236 gold pieces.

Inventory:

Hand Weapons
 d - a +1 hand axe of freezing (weapon)
 h - a +0 heavy flail
Missiles
 c - 2 datura-tipped darts
 j - 10 poisoned darts
 o - 7 boomerangs (quivered)
Armour
 b - a +0 pair of boots (worn)
 g - a +0 pair of gloves (worn)
 i - a +0 ring mail (worn)
 k - a +0 kite shield
Jewellery
 m - a ring of protection from fire (right hand)
 p - a +6 ring of strength (left hand)
Wands
 e - a wand of polymorph (7)
 r - a wand of roots (13)
Scrolls
 a - a scroll of magic mapping
 l - 2 scrolls of fog
 n - 2 scrolls of teleportation
Potions
 f - a potion of lignification
 q - a potion of heal wounds


   Skills:
 + Level 3.1 Fighting
 * Level 4.3 Axes
 + Level 2.5 Throwing
 + Level 2.8 Dodging
 + Level 4.6 Stealth
 - Level 2.0 Evocations


You had 6 spell levels left.
You didn't know any spells.
Your spell library contained the following spells:

 Spells                   Type           Power      Damage    Failure   Level
 Blink                    Tloc           0%         N/A       47%         2
 Ensorcelled Hibernation  Hex/Ice        0%         N/A       47%         2
 Passwall                 Tmut/Erth      0%         N/A       47%         2
 Swiftness                Air            0%         N/A       71%         3
 Manifold Assault         Tloc           0%         N/A       98%         4
 Storm Form               Tmut/Air       0%         N/A       100%        7


Dungeon Overview and Level Annotations

Branches:
Dungeon (5/15)             Temple (0/1) D:4

Altars:
Wu Jian

Shops:
D:4 :   D:5 [


Innate Abilities, Weirdness & Mutations

Your movements are less encumbered by armour. (ER -4)
A meltable shield of frost defends you. (SH +4)


Message History

You spin and attack the orc wizard.
The ogre shouts!
You hit the orc wizard. You freeze the orc wizard.
The orc wizard is heavily wounded.
You hear the slow hiss of an avalanche of sand nearby.
You block the orc wizard's attack. The orc hits you with a +0 mace.
You spin and attack the orc.
You closely miss the orc.
The orc is heavily wounded.
You spin and attack the orc wizard.
You hit the orc wizard. You freeze the orc wizard.
The orc wizard is severely wounded.
The orc wizard hits you with a +0 dagger.
The orc hits you but does no damage.
You closely miss the ogre. You barely miss the orc wizard.
You closely miss the orc.
The ogre hits you with a +0 giant spiked club!
* * * LOW HITPOINT WARNING * * *
The orc wizard hits you with a +0 dagger.
* * * LOW HITPOINT WARNING * * *
You block the orc's attack.
You spin and attack the orc.
You hit the orc but do no damage.
The orc is heavily wounded.
You spin and attack the orc wizard.
You hit the orc wizard. You freeze the orc wizard.
The orc wizard is almost dead.
The orc wizard barely misses you. The orc closely misses you.
You spin and attack the orc wizard.
You slash the orc wizard! You freeze the orc wizard.
You kill the orc wizard!
The Council accepts your kill.
You spin and attack the ogre.
You hit the ogre but do no damage. The ogre barely misses you.
You hit the orc. You freeze the orc.
You kill the orc!
The Council accepts your kill.
You hit the ogre. You freeze the ogre.
You spin and attack the ogre.
You barely miss the ogre.
The ogre is moderately wounded.
The ogre hits you with a +0 giant spiked club!!
You die...

#.#.##.#.#
#.#......#
#.###.)#.#
#..)...).#
#####+####.#####
#..........# #
#..........#
#####.##)........##
.......)O@.......#
......##)...>....#
..∩.. #.........#
.... #.........#
### #.........#
###########


You could see an ogre.

Vanquished Creatures
  A sky beast (D:4)
  A phantom (D:4)
  3 orc priests
  2 hounds (D:4)
  2 orc wizards
  8 adders
  2 gnolls (D:1)
  An ufetubus (D:4)
  2 worms (D:2)
  A dart slug (D:1)
  11 orcs
  10 ball pythons
  4 bats
  7 endoplasms
  4 giant cockroaches
  6 goblins
  8 hobgoblins
  5 quokkas
  6 frilled lizards
  11 kobolds
  8 rats
103 creatures vanquished.

Vanquished Creatures (collateral kills)
  An orc priest (D:4)
  An orc (D:4)
  A bat (D:3)
  A hobgoblin (D:3)
4 creatures vanquished.

Grand Total: 107 creatures vanquished

Notes
Turn   | Place    | Note
-------+----------+-------------------------------------------
     0 | D:1      | booth the Demonspawn Wanderer began the quest for the Orb.
     0 | D:1      | booth set off with the following items: a +0 dagger, an
                  | atropa-tipped dart, 2 datura-tipped darts, a +0 hand axe, a
                  | wand of polymorph (7), a potion of lignification, a +0
                  | leather armour.
     0 | D:1      | Reached XP level 1. HP: 15/15 MP: 1/1
   268 | D:1      | Gained mutation: A meltable shield of frost defends you.
                  | (SH +4) [demonic ancestry]
   268 | D:1      | Reached XP level 2. HP: 20/21 MP: 2/2
   686 | D:1      | Found a faded altar of an unknown god.
   694 | D:1      | Prayed at the altar of an unknown god.
   694 | D:1      | Became a worshipper of the Wu Jian Council
   694 | D:1      | Reached * piety under Wu Jian
   831 | D:1      | Gained mutation: Your movements are slightly less
                  | encumbered by armour. (ER -2) [demonic ancestry]
   831 | D:1      | Reached XP level 3. HP: 26/26 MP: 3/3
   869 | D:1      | Reached skill level 1 in Throwing
  1543 | D:2      | Gained mutation: Your movements are less encumbered by
                  | armour. (ER -4) [demonic ancestry]
  1543 | D:2      | Reached XP level 4. HP: 13/33 MP: 4/4
  2035 | D:2      | Reached ** piety under Wu Jian
  2649 | D:3      | Reached XP level 5. HP: 38/38 MP: 5/5
  3761 | D:4      | Reached XP level 6. HP: 36/46 MP: 6/6
  3946 | D:4      | Found Fadumuun's Book Emporium.
  4183 | D:4      | Noticed a sky beast
  4421 | D:4      | Killed a sky beast
  4680 | D:4      | Found a staircase to the Ecumenical Temple.
  4789 | D:5      | Entered Level 5 of the Dungeon
  4880 | D:5      | Found Tafip's Armour Emporium.
  4885 | D:5      | Reached XP level 7. HP: 39/52 MP: 7/7
  4895 | D:5      | Mangled by an ogre

Illustrated notes

Levels and vault maps discovered:
D:1:      elethiomel_arrival_infinity_welcomes_careful_drivers, layout_basic,
          dreamdust_ecumenical_altar_angels_and_demons
D:2:      layout_loops_ring, minivault_27, eino_tiny_chamber,
          amcnicky_mini_rare_corridor_liquid
D:3:      layout_loops_ring, serial_co_window_serial, co_window_paths_a,
          co_window_corner_a, co_window_corner_a, co_window_cross_1,
          co_window_corner_a, co_window_corner_cb, co_window_2corner,
          co_window_paths_c, co_window_2corner, co_window_cross_2,
          co_window_4corner_b, glass_columns_b, minivault_27,
          hangedman_feature_mirror, corner_web_ring
D:4:      layout_cave_pools, temple_doors_e, serial_shops,
          nicolae_shop_pleasant_corner_grove, chequers_hall_statues_y,
          kennysheep_generic_room_4
D:5:      layout_basic, minitemple, enter_ossuary_3, serial_shops, shop,
          kennysheep_cluttered_room, st_stairs_8

Skill      XL: |  1  2  3  4  5  6 |
---------------+-------------------+-----
Axes           | 2 3 4 |  4.3
Throwing       | 1 2 |  2.5
Fighting       | 2 3 |  3.1
Stealth        | 4 |  4.6
Dodging        | 2 |  2.8
Evocations     | |  2.0

Action                     |  1- 3 |  4- 6 |  7- 9 || total
---------------------------+-------+-------+-------++-------
  Melee: Hand axe          |   137 |   222 |    15 ||   374
         Punch             |     2 |     2 |       ||     4
  Throw: Dart              |     4 |     2 |       ||     6
         Boomerang         |       |     1 |       ||     1
Ability: Lunge             |     8 |    32 |       ||    40
         Whirlwind         |     6 |    54 |    11 ||    71
    Use: Scroll            |     3 |     9 |       ||    12
         Potion            |     1 |     1 |       ||     2
   Stab: Sleeping          |     6 |     7 |       ||    13
 Armour: Leather armour    |    10 |       |       ||    10
         Ring mail         |    30 |    78 |     2 ||   110
  Dodge: Dodged            |    61 |    96 |     3 ||   160
  Block: Other             |    24 |    21 |     3 ||    48
